[Event "Live Chess"]
[Site "Chess.com"]
[Date "2024.06.02"]
[Round "-"]
[White "Cimon"]
[Black "WilliamofOrange16th"]
[Result "0-1"]
[WhiteElo "1839"]
[BlackElo "1992"]
[TimeControl "300"]
[EndTime "3:29:16 PDT"]
[Termination "WilliamofOrange16th won by resignation"]

1. d4 d5 2. Nf3 c6 3. c4 Nf6 4. g3 a6 5. b3 Bf5 6. Bg2 e6 7. O-O Nbd7 8. Nc3 Bd6 9. Bb2 O-O 10.
Nh4 Bg6 11. Nxg6 hxg6 12. e4 dxe4 13. Nxe4 Nxe4 14. Bxe4 f5 15. Bg2 e5 16. c5 Bc7 17.
Qc2 e4 18. f4 Nf6 19. Qe2 Ng4 20. h3 Nf6 21. Rfd1 Nd5 22. a3 g5 23. fxg5 Qxg5 24.
g4 Nf4 25. Qe3 Rae8 26. Bc1 fxg4 27. hxg4 Qxg4 28. Ra2 Qxd1+ 0-1

[Event "Live Chess"]
[Site "Chess.com"]
[Date "2024.06.02"]
[Round "-"]
[White "oscalik"]
[Black "WorcesterYork"]
[Result "1/2-1/2"]
[WhiteElo "2238"]
[BlackElo "2463"]
[TimeControl "300"]
[EndTime "3:29:34 PDT"]
[Termination "Game drawn - insufficient material"]

1. e4 c5 2. Nf3 Nc6 3. Bb5 d6 4. O-O Bd7 5. Re1 Nf6 6. Nc3 a6 7. Bxc6 Bxc6 8. d4 cxd4 9. Nxd4 e6 10. b3 Be7 11. Bb2 O-O 12. Nxc6 bxc6 13. Na4 e5 14. c4 Nd7 15. Qf3 Re8 16. Rad1 c5 17. Nc3 Nf8 18. Nd5 Ne6 19. Qg4 Bf8 20. h4 g6 21. h5 Bg7 22. Rd3 Ra7 23. Rf3 Qg5 24.
Qxg5 Nxg5 25. Rd3 Ne6 26. hxg6 hxg6 27. Ne3 Bf8 28. Ng4 Kg7 29. Bc1 f5 30. exf5 gxf5 31.
Ne3 f4 32. Nf5+ Kf6 33. Nxd6 Bxd6 34. Rxd6 Kf5 35. Rd5 Nd4 36. Rxc5 f3 37. g4+ Kxg4 38.
Rcxe5 Rxe5 39. Rxe5 Ne2+ 40. Kf1 Nxc1 41. Re6 Ne2 42. c5 Rd7 43. Ke1 Nc3 44. Rd6 Re7+ 45. Kf1 Nxa2 46. Rd4+ Kf5 47. Rc4 a5 48. c6 Nb4 49. c7 Re8 50. c8=Q+ Rxc8 51. Rxc8 Ke4 52. Rc5 Kd3 53. Rxa5 Kc3 54. Rf5 Kxb3 55. Rxf3+ Kc4 56. Re3 Nd5 57. Re2 Kd4 58. f3 Kd3 59. Kf2 Kd4 60. Kg3 Ne3 61. Kf4 Nd5+ 62. Kf5 Nc3 63. Rd2+ Ke3 64.
Rd8 Ne2 65. f4 Nxf4 66. Re8+ Kf3 67. Ra8 Ne2 68. Ra3+ Kf2 69. Ke4 Ng3+ 70. Kf4 Ne2+ 71. Ke4 Ng3+ 72. Rxg3 Kxg3 1/2-1/2

[Event "Live Chess"]
[Site "Chess.com"]
[Date "2024.06.02"]
[Round "-"]
[White "r0ad_t0-gm"]
[Black "Larchikov"]
[Result "1-0"]
[WhiteElo "2260"]
[BlackElo "2042"]
[TimeControl "300"]
[EndTime "3:29:56 PDT"]
[Termination "r0ad_t0-gm won by resignation"]

1. Nf3 d5 2. g3 c5 3. Bg2 Nc6 4. d4 cxd4 5. Nxd4 e5 6. Nxc6 bxc6 7. c4 Nf6 8. Bg5 Be6 9. Qa4 Qd7 10. Nc3 e4 11.
O-O Be7 12. Rfd1 O-O 13. cxd5 Nxd5 14. Nxd5 Bxd5 15. Rxd5 Qxd5 16. Bxe7 Rfe8 17. Rd1 Qe5 18. Bd6 Qxb2 19. Bxe4 Rad8 20. Bf3 Qc3 21. Bf4 Rxd1+ 22.
Qxd1 Qf6 23. Qd6 Qb2 24. Qxc6 Rf8 25. Qd5 h6 26. Kg2 Qb4 27. Bd6 1-0

[Event "Live Chess"]
[Site "Chess.com"]
[Date "2024.06.02"]
[Round "-"]
[White "Queensandpawns"]
[Black "Kyrylo7770"]
[Result "1-0"]
[WhiteElo "2240"]
[BlackElo "1626"]
[TimeControl "300"]
[EndTime "3:30:04 PDT"]
[Termination "Queensandpawns won by checkmate"]

1. e4 c6 2. d4 d5 3. Nc3 Nf6 4. e5 Ne4 5. Nxe4 dxe4 6. Bc4 Bf5 7. Ne2 e6 8. Ng3 Bg6 9. h4 h5 10. Be3 Bb4+ 11. c3 Be7 12. Qd2 Bxh4 13. O-O-O Bxg3 14. fxg3 Qa5 15. g4 b5 16. Bb3 Nd7 17. gxh5 Bxh5 18.
g4 g6 19. gxh5 gxh5 20. c4 b4 21. Kb1 Qc7 22. Qe2 O-O-O 23. Rxh5 Rhg8 24. d5 cxd5 25. cxd5 Qa5 26. d6 Kb7 27. Rh7 Rgf8 28. Rc1 Qxe5 29.
Rc7+ Ka8 30. Qa6 Nb6 31. Qxa7# 1-0

[Event "Live Chess"]
[Site "Chess.com"]
[Date "2024.06.02"]
[Round "-"]
[White "Dhaydon19"]
[Black "JohanKjeldahl"]
[Result "1-0"]
[WhiteElo "2629"]
[BlackElo "1798"]
[TimeControl "300"]
[EndTime "3:30:14 PDT"]
[Termination "Dhaydon19 won by resignation"]

1. d4 Nf6 2. Nf3 d6 3. g3 g6 4. Bg2 Bg7 5. c4 O-O 6. Nc3 c6 7. O-O Nbd7 8. d5 c5 9. e4 a6 10.
a4 Qc7 11. Re1 b6 12. Bf4 Nh5 13. Bd2 Bb7 14. Qc2 Ne5 15. Nxe5 Bxe5 16. Be3 Bg7 17. Qd2 Nf6 18. h3 Qd7 19. Bh6 Rfe8 20. Bxg7 Kxg7 21. e5 dxe5 22. Rxe5 Qd6 23. Rae1 Nd7 24.
R5e2 Rab8 25. Ne4 Qc7 26. Qc3+ f6 27. Ng5 Nf8 28. Ne6+ Nxe6 29. Rxe6 Bc8 30. d6 1-0

[Event "Live Chess"]
[Site "Chess.com"]
[Date "2024.06.02"]
[Round "-"]
[White "NeilDruggan73"]
[Black "dmitro74"]
[Result "0-1"]
[WhiteElo "1697"]
[BlackElo "1723"]
[TimeControl "300"]
[EndTime "3:30:24 PDT"]
[Termination "dmitro74 won on time"]

1. d4 d5 2. Bg5 Nf6 3. Bxf6 exf6 4. e3 c5 5. Nf3 Nc6 6. c3 Bg4 7. Be2 c4 8. O-O f5 9. b3 b5 10. Nbd2 Bd6 11. Rb1 O-O 12. bxc4 bxc4 13. Ne1 Rb8 14. Bxg4 Rxb1 15. Nxb1 fxg4 16. Qxg4 Qb8 17. Nf3 f5 18. Qh5 g6 19. Qh4 f4 20. Ng5 Qc7 21. Ne6 Qf7 22.
Nxf8 Qxf8 23. Nd2 Ne7 24. Nf3 Nf5 25. Qg4 fxe3 26. fxe3 Qe7 27. Qg5 Qxe3+ 28. Qxe3 Nxe3 29. Re1 Nf5 30. Re6 Kf7 31. Ng5+ Kg7 32. g3 h6 33. Nf3 Kf7 34. Re2 a5 35. Ne5+ Kf6 36. Nc6 a4 37. Kg2 Ng7 38. Nd8 Bc7 39. Nb7 Ne6 40. h4 a3 41. Kf3 g5 42. h5 Ng7 43. g4 Ne6 44. Re1 Nf4 45. Re8 Nd3 46. Rc8 Bf4 47. Rc6+ Kg7 48. Ra6 Bc1 49. Nc5 Bb2 50.
Nxd3 Bxc3 51. Rxa3 Bxd4 52. Nb4 Bc5 53. Ra5 Bxb4 54.
Rxd5 c3 55. Rd4 Bc5 56. Rc4 Bb6 57. Rxc3 Ba7 58. Rc6 Bb8 59. Rc8 Be5 60. a4 Bb2 61.
a5 Bd4 0-1

[Event "Live Chess"]
[Site "Chess.com"]
[Date "2024.06.02"]
[Round "-"]
[White "MagnersCarlsberg2870"]
[Black "upoe610"]
[Result "1-0"]
[WhiteElo "1804"]
[BlackElo "2119"]
[TimeControl "300"]
[EndTime "3:30:31 PDT"]
[Termination "MagnersCarlsberg2870 won by checkmate"]

1. d4 Nf6 2. Nf3 c5 3. e3 d6 4. Bc4 g6 5. dxc5 d5 6. Bb5+ Bd7 7. Bxd7+ Nbxd7 8. Nc3 Nxc5 9. Qe2 Bg7 10. Qb5+ Ncd7 11. Qxb7 O-O 12. O-O Nb6 13. Nd4 Qd6 14. Ncb5 Qc5 15.
b4 Qxb4 16. Ba3 Qc4 17. Bxe7 Rfb8 18. Qa6 Ne4 19. Qa3 Na4 20. Nd6 Nxd6 21. Bxd6 Nc3 22.
Bxb8 Rxb8 23. Qd6 Rc8 24. Rad1 Bxd4 25. exd4 Ne2+ 26. Kh1 Nxd4 27. Qd7 Rc7 28. Qd8+ Kg7 29. Rfe1 Nxc2 30. Re8 d4 31. Rg8+ Kh6 32. Qh4# 1-0

[Event "Live Chess"]
[Site "Chess.com"]
[Date "2024.06.02"]
[Round "-"]
[White "AlexanderMatlak"]
[Black "halfberg"]
[Result "1-0"]
[WhiteElo "2396"]
[BlackElo "1882"]
[TimeControl "300"]
[EndTime "3:31:08 PDT"]
[Termination "AlexanderMatlak won by resignation"]

1. c4 Nf6 2. Nf3 e6 3. g3 d5 4. Bg2 c6 5. O-O Be7 6. d3 O-O 7. a3 a5 8. b3 Nbd7 9. Bb2 Re8 10.
Nbd2 h6 11. Rc1 Qb6 12. Rc2 Nf8 13. Qa1 N8h7 14. Bd4 c5 15. Bb2 d4 16. Qd1 Bd7 17. h3 Bc6 18. e3 dxe3 19. fxe3 Rad8 20. Qe2 Nh5 21. Be5 Bf6 22. g4 Bxe5 23. Nxe5 Bxg2 24.
Qxg2 N5f6 25. h4 Nd7 26. Nxf7 Rb8 27. Ne4 Nhf6 28. Nfd6 Re7 29. g5 Nxe4 30. Nxe4 hxg5 31.
hxg5 Qc7 32. g6 Ne5 33. d4 Nd7 34. Qh3 1-0

[Event "Live Chess"]
[Site "Chess.com"]
[Date "2024.06.02"]
[Round "-"]
[White "wadsy27"]
[Black "ACM42"]
[Result "1-0"]
[WhiteElo "2577"]
[BlackElo "2177"]
[TimeControl "300"]
[EndTime "3:31:12 PDT"]
[Termination "wadsy27 won by resignation"]

1. Nf3 Nf6 2. d4 g6 3. e3 Bg7 4. b3 O-O 5. Bb2 d6 6. Be2 b6 7. a4 Bb7 8. a5 a6 9. axb6 cxb6 10. O-O Nbd7 11. c4 a5 12. Nc3 e5 13. Ba3 Qb8 14.
dxe5 dxe5 15. Bxf8 Bxf8 16. Nd5 Ne4 17. Bd3 Nec5 18.
Bc2 e4 19. Ng5 Bg7 20. Nxe4 Nxe4 21. Bxe4 Nc5 22. Bc2 Bxd5 23. Qxd5 Bxa1 24. Rxa1 Ra7 25. h4 Rd7 26. Qf3 Qe5 27. Rd1 h5 28. Rxd7 Nxd7 29.
Qc6 Qa1+ 30. Kh2 Qe5+ 31. g3 Qc3 32. Bxg6 fxg6 33. Qxd7 Qxb3 34. e4 Qxc4 35. e5 Qc5 36.
Qe6+ Kh7 37. Qf7+ Kh6 38. e6 1-0

[Event "Live Chess"]
[Site "Chess.com"]
[Date "2024.06.02"]
[Round "-"]
[White "JanMur7"]
[Black "missedJariChance"]
[Result "1-0"]
[WhiteElo "2293"]
[BlackElo "1353"]
[TimeControl "300"]
[EndTime "3:31:26 PDT"]
[Termination "JanMur7 won by resignation"]

1. d4 d5 2. c4 e6 3. Nc3 Nf6 4. cxd5 exd5 5. Bg5 Be7 6. e3 O-O 7. Bd3 b6 8. Nf3 Bb7 9. Ne5 Nbd7 10. f4 c5 11. O-O h6 12. Bh4 Rc8 13. Bf5 Rb8 14.
Qf3 g6 15. Bxd7 Nxd7 16. Bxe7 Qxe7 17. Nxd5 Bxd5 18. Qxd5 Nxe5 19. Qxe5 Qxe5 20. fxe5 cxd4 21. exd4 Rbd8 22. Rfd1 Kg7 23. Rac1 g5 24. Rc7 a6 25. d5 Rfe8 26. e6 Kf6 27. Rxf7+ 1-0

[Event "Live Chess"]
[Site "Chess.com"]
[Date "2024.06.02"]
[Round "-"]
[White "juniortay"]
[Black "vincents82"]
[Result "1-0"]
[WhiteElo "2368"]
[BlackElo "2007"]
[TimeControl "300"]
[EndTime "3:31:28 PDT"]
[Termination "juniortay won by resignation"]

1. e4 d5 2. Nf3 e6 3. d4 dxe4 4. Ng5 Nf6 5. Nc3 Nbd7 6. Ncxe4 Nxe4 7. Nxe4 Nf6 8. Nxf6+ Qxf6 9. Bd3 Bd6 10. O-O Bd7 11.
c3 Bc6 12. Qh5 g6 13. Qh6 Bf8 14. Qh3 Bg7 15. Bd2 O-O 16. Rae1 Rad8 17. Qg3 Qe7 18. h4 h5 19. Bg5 Bf6 20. Re5 Bxg5 21. Rxg5 Rd5 22.
Re1 Rxg5 23. hxg5 Rd8 24. f4 Qd6 25. a3 a6 26. Re5 b5 27. Qh4 Kg7 28. g4 Rh8 29. f5 hxg4 30. f6+ Kg8 31. Qxg4 Bd5 32.
b4 Qc6 33. Bxg6 fxg6 34. f7+ Kg7 35. Qf4 Qd6 36. Qf6+ Kh7 37. Re3 1-0

[Event "Live Chess"]
[Site "Chess.com"]
[Date "2024.06.02"]
[Round "-"]
[White "Thebigsqueeze"]
[Black "booktrunk"]
[Result "1-0"]
[WhiteElo "2273"]
[BlackElo "1500"]
[TimeControl "300"]
[EndTime "3:31:34 PDT"]
[Termination "Thebigsqueeze won by resignation"]

1. d4 b6 2. c4 Bb7 3. Nc3 h6 4. Nf3 e6 5. e4 Bb4 6. d5 exd5 7.
cxd5 Nf6 8. Bd3 c6 9. O-O Bxc3 10. bxc3 cxd5 11. e5 Ne4 12. Ba3 Nxc3 13. Qb3 Ne4 14. Nd4 Nc6 15. Nb5 Na5 16. Qb4 Nc6 17. Qb2 Nc5 18.
Nd6+ Kf8 19. Bxc5 bxc5 20. Qb3 c4 21. Qxb7 cxd3 22. Rad1 Rb8 23. Qa6 Nxe5 24. f4 Ng4 25. Rxd3 Qb6+ 26. Qxb6 Rxb6 27. Rxd5 Ne3 28. Re1 Rxd6 29.
Rxd6 Nf5 30. Rxd7 g6 31. Rd8+ Kg7 32. Rxh8 Kxh8 33. Re8+ Kg7 34. Ra8 Kf6 35. Rxa7 Nd4 36. a4 Ne2+ 37. Kf2 Nxf4 38. a5 Nd5 39. a6 Nb4 40. Rb7 Nxa6 41. Rb6+ Kg5 42. Rxa6 f5 43. Kf3 h5 44. g3 Kh6 45. h4 Kg7 46. Kf4 Kh6 47.
Rb6 Kg7 48. Kg5 Kf7 49. Rxg6 1-0

[Event "Live Chess"]
[Site "Chess.com"]
[Date "2024.06.02"]
[Round "-"]
[White "CarmelJane"]
[Black "TigerTank70"]
[Result "0-1"]
[WhiteElo "2070"]
[BlackElo "2217"]
[TimeControl "300"]
[EndTime "3:32:29 PDT"]
[Termination "TigerTank70 won by resignation"]

1. Nf3 d6 2. b3 Nc6 3. Bb2 e5 4. e4 Be7 5. Bb5 Bf6 6. O-O Ne7 7. h3 Ng6 8. Nc3 a6 9. Be2 Nf4 10. Nd5 O-O 11. Nxf6+ Qxf6 12. d3 Bxh3 13. Ne1 Bd7 14.
Bg4 Bxg4 15. Qxg4 h5 16. Qf3 Qg6 17. d4 f5 18. exf5 Rxf5 19. dxe5 Nxg2 20. Qd5+ Kh8 21.
Nxg2 Nxe5 22. Bxe5 Rxe5 23. Qxb7 Rf8 24. Rae1 Rg5 25. Qe4 Rff5 26. Qe8+ Kh7 27. Qxg6+ Rxg6 28. Kh2 h4 29. Ne3 Rf3 30. Rg1 Rxf2+ 31. Kh3 Rf3+ 32. Kxh4 Rxg1 33. Rxg1 Rxe3 34. Kg5 Re2 35. Rh1+ Kg8 36. Kg6 Rxc2 37. Re1 Rg2+ 38. Kf5 Kf7 39. Rc1 c5 40.
a4 g6+ 41. Kf4 Ke6 42. Re1+ Kd7 43. Rh1 Kc6 44. Rh8 Rb2 45. Rh3 d5 46. Kg5 d4 47.
Kxg6 Rc2 48. Kf5 Kd5 49. Rh6 Rf2+ 50. Kg4 Rb2 51. Rxa6 Rxb3 52. Kf4 c4 53. Ra8 c3 54. Rd8+ Kc4 55. a5 Ra3 56. Ke4 c2 57. Rxd4+ Kb3 58. Rd3+ Kb2 59. Rd2 Kb1 0-1

[Event "Live Chess"]
[Site "Chess.com"]
[Date "2024.06.02"]
[Round "-"]
[White "MellowAesthetic"]
[Black "Duke_of_Bebington"]
[Result "0-1"]
[WhiteElo "2060"]
[BlackElo "1654"]
[TimeControl "300"]
[EndTime "3:33:05 PDT"]
[Termination "Duke_of_Bebington won on time"]

1. e4 e5 2. Nf3 Nf6 3. Nxe5 d6 4. Nf3 Nxe4 5. d4 d5 6. Bd3 Bd6 7. O-O O-O 8. c4 c6 9. Re1 Re8 10. Nc3 Nxc3 11. bxc3 h6 12. c5 Bc7 13. Be3 Nd7 14. Qd2 Qf6 15. Rab1 Nf8 16. Kh1 Bg4 17. Ng1 b6 18. h3 Bh5 19. f4 Bg6 20. f5 Bh7 21.
Bf4 Bxf4 22. Qxf4 bxc5 23. Nf3 c4 24. Bc2 g5 25. Qg4 Nd7 26. Rb7 Rxe1+ 27. Nxe1 Qd8 28. Nf3 Nf6 29. Qg3 Ne4 30. Bxe4 dxe4 31. Ne5 Qd6 32. Nxf7 Qxg3 0-1

[Event "Live Chess"]
[Site "Chess.com"]
[Date "2024.06.02"]
[Round "-"]
[White "LL220284LL"]
[Black "KeithArkell"]
[Result "1-0"]
[WhiteElo "2508"]
[BlackElo "2404"]
[TimeControl "300"]
[EndTime "3:33:12 PDT"]
[Termination "LL220284LL won by resignation"]

1. e3 c5 2. b3 Nc6 3. Bb2 Nf6 4. Nf3 g6 5. Be2 Bg7 6. O-O O-O 7. d4 cxd4 8. Nxd4 d6 9. Nd2 Nxd4 10. Bxd4 Bd7 11. c4 Bc6 12. Bf3 a5 13. Qc2 Bxf3 14. Nxf3 Qc7 15. Qb2 Rfc8 16. Rac1 Ne8 17. Rfd1 Bxd4 18.
Nxd4 Nf6 19. Nb5 Qc6 20. Nxd6 Rd8 21. Nb5 Rd7 22. Nd4 Qc7 23. Nb5 Qc6 24. h3 Rad8 25. Qe2 Qe4 26. Rxd7 Rxd7 27. Rd1 Rxd1+ 28. Qxd1 Kg7 29.
Nc3 Qe5 30. Qd4 Qf5 31. g4 Qg5 32. Ne4 Qh4 33. Nxf6 exf6 34. Kg2 h5 35. Qe4 hxg4 36. hxg4 Qg5 37. Kf3 b6 38. Qf4 Qh4 39. Ke2 Qh1 40. g5 fxg5 41. Qxg5 Qa1 42. Qb5 Qxa2+ 43. Kf3 Qc2 44.
Qxb6 a4 45. Qd4+ Kh7 46. bxa4 Qxa4 47. c5 Qc6+ 48. e4 f5 49. Ke3 fxe4 50. Qd6 Qb5 51. c6 Qb3+ 52. Kxe4 Qc2+ 53. Ke3 Qc1+ 54. Ke4 Qc2+ 55.
Kf3 Qf5+ 56. Qf4 Qd3+ 57. Kg2 Qd5+ 58. Qf3 Qg5+ 59. Kh1 Qh4+ 60. Kg2 Qg5+ 61. Kh2 Qe5+ 62. Qg3 Qc5 63. c7 1-0

[Event "Live Chess"]
[Site "Chess.com"]
[Date "2024.06.02"]
[Round "-"]
[White "Trendle"]
[Black "karina55"]
[Result "1-0"]
[WhiteElo "2635"]
[BlackElo "1852"]
[TimeControl "300"]
[EndTime "3:33:16 PDT"]
[Termination "Trendle won on time"]

1. e4 e5 2. Nf3 Nc6 3. Bb5 a6 4. Ba4 d6 5. O-O Bd7 6. c4 Nge7 7. Nc3 g6 8. d4 exd4 9. Nd5 Bg7 10. Bg5 Qc8 11. Nf6+ Kf8 12. Nxd4 h6 13. Nxd7+ Qxd7 14. Bxe7+ Kxe7 15. Nxc6+ bxc6 16. e5 Bxe5 17. Qf3 Rab8 18. Rfe1 Kf8 19. Bb3 c5 20. Rad1 Qf5 21. Qc6 Kg7 22.
Qxc7 Rhc8 23. Qa7 Ra8 24. Qb7 Rcb8 25. Qd5 Bxb2 26. Qxd6 Bd4 27. Qg3 Re8 28. Ba4 Rxe1+ 29. Rxe1 Rb8 30. Bb3 Rd8 31. h3 h5 32. Rf1 Re8 33.
Bd1 1-0

[Event "Live Chess"]
[Site "Chess.com"]
[Date "2024.06.02"]
[Round "-"]
[White "resipsa6"]
[Black "f4nomore"]
[Result "1/2-1/2"]
[WhiteElo "2015"]
[BlackElo "1254"]
[TimeControl "300"]
[EndTime "3:33:26 PDT"]
[Termination "Game drawn by agreement"]

1. Nf3 g6 2. g3 Bg7 3. Bg2 d6 4. O-O Nf6 5. d4 O-O 6. c3 Nbd7 7.
Bg5 c5 8. Qd2 cxd4 9. cxd4 Rb8 10. Bh6 b6 11. Bxg7 Kxg7 12. Nc3 Bb7 13. e3 e5 14. dxe5 dxe5 15. Rad1 Bxf3 16. Bxf3 Nc5 17. Qxd8 Rbxd8 18. Nd5 e4 19. Nxf6 Rxd1 20. Nh5+ gxh5 21. Bxd1 Rd8 22. Bxh5 Rd2 23. Rb1 Nd3 24. f4 exf3 25.
Bxf3 Nxb2 26. a3 Nc4 27. Rb3 Ra2 28. Bd5 Nxa3 29. Rc3 Ra1+ 30. Kg2 Nb5 31. Rc8 Rb1 32. Ra8 Rb2+ 33. Kh3 Nc7 34. Rd8 Nxd5 35. Rxd5 a5 36.
Kg4 1/2-1/2

[Event "Live Chess"]
[Site "Chess.com"]
[Date "2024.06.02"]
[Round "-"]
[White "Cimon"]
[Black "Brooms1989"]
[Result "1-0"]
[WhiteElo "1840"]
[BlackElo "1238"]
[TimeControl "300"]
[EndTime "3:33:27 PDT"]
[Termination "Cimon won by resignation"]

1. e4 e5 2. Nf3 Nc6 3. Bb5 a6 4. Ba4 Nf6 5. O-O Nxe4 6. Re1 Nc5 7. Bxc6 dxc6 8. Nxe5 Ne6 9. c3 Bd6 10. d4 O-O 11.
Qf3 f6 12. Nd3 Ng5 13. Qe2 Bd7 14. h4 Re8 15. Qd1 Ne4 16. Nd2 Nxd2 17. Bxd2 f5 18. Bg5 Be7 19. Rxe7 Rxe7 20. Qb3+ Be6 21. Qxb7 h6 22.
Bxe7 Qxe7 23. Qxa8+ Qf8 24. Qxf8+ Kxf8 25. Ne5 1-0

[Event "Live Chess"]
[Site "Chess.com"]
[Date "2024.06.02"]
[Round "-"]
[White "Ferrarifan27"]
[Black "slava_ukr"]
[Result "0-1"]
[WhiteElo "2147"]
[BlackElo "2418"]
[TimeControl "300"]
[EndTime "3:33:33 PDT"]
[Termination "slava_ukr won by resignation"]

1. e4 d5 2. exd5 Qxd5 3. Nc3 Qd6 4. Nf3 c6 5. d4 Nf6 6. Bd3 Bg4 7. Be3 e6 8. h3 Bh5 9. O-O Nbd7 10. Re1 Be7 11.
Qe2 O-O 12. Rad1 Qb4 13. Ne4 Nxe4 14. Bxe4 Nf6 15. Bd3 Nd5 16. c3 Qd6 17. Be4 Nf4 18.
Bxf4 Qxf4 19. Qe3 Qc7 20. Rd2 Bd6 21. Qg5 Bxf3 22. Bxf3 Bf4 23. Qh5 Bxd2 24. Re4 g6 25.
Qh4 Qd8 26. Qg3 Bh6 27. Rh4 Bg7 28. Re4 Qe7 29. h4 Rad8 30. h5 Rd5 31. hxg6 hxg6 32. Rh4 Qg5 33. Bxd5 Qxg3 34. fxg3 cxd5 35. Rf4 b5 36. a3 a5 37. Rf2 b4 38. axb4 axb4 39. Rf1 Rc8 40. Rf3 bxc3 41. bxc3 Rxc3 42. Rxc3 Bxd4+ 43. Kf1 Bxc3 0-1

[Event "Live Chess"]
[Site "Chess.com"]
[Date "2024.06.02"]
[Round "-"]
[White "willc-h99"]
[Black "80Times"]
[Result "1-0"]
[WhiteElo "2617"]
[BlackElo "1905"]
[TimeControl "300"]
[EndTime "3:33:44 PDT"]
[Termination "willc-h99 won by resignation"]

1. d4 e6 2. Nf3 f5 3. Bg5 Nf6 4. e3 Be7 5. Nbd2 O-O 6. Bd3 d5 7. Ne5 Nbd7 8. Ndf3 Ne4 9. Bxe7 Qxe7 10. Nxd7 Bxd7 11.
Ne5 c5 12. O-O c4 13. Bxe4 fxe4 14. b3 c3 15. a4 b5 16. f4 b4 17. Kh1 a5 18. g4 Bc8 19. Qe1 Ba6 20. Rg1 g5 21. Qg3 Kh8 22. Rg2 Rg8 23. Rf2 Raf8 24. Rg1 Qg7 25.
fxg5 Rxf2 26. Qxf2 Qxg5 27. Nf7+ 1-0

[Event "Live Chess"]
[Site "Chess.com"]
[Date "2024.06.02"]
[Round "-"]
[White "r0ad_t0-gm"]
[Black "dhairyapandyauk"]
[Result "1-0"]
[WhiteElo "2261"]
[BlackElo "1670"]
[TimeControl "300"]
[EndTime "3:33:48 PDT"]
[Termination "r0ad_t0-gm won by resignation"]

1. Nf3 Nf6 2. g3 g6 3. b3 Bg7 4. Bb2 O-O 5. Bg2 b6 6. O-O Bb7 7. d4 d5 8. c4 Nbd7 9. cxd5 Nxd5 10. Nbd2 c5 11. e4 N5f6 12. e5 Nd5 13. e6 fxe6 14.
Nc4 cxd4 15. Bxd4 e5 16. Nfxe5 Nxe5 17. Bxe5 e6 18. Bxg7 Kxg7 19. Qd4+ Qf6 20. Qxf6+ Rxf6 21. Rad1 Rd8 22. Rfe1 Ba6 23. h4 Rdf8 24. Rd2 b5 25. Ne3 Nc3 26. Ng4 Rf5 27. Rxe6 b4 28. Rxa6 h5 29.
Rxa7+ Kh8 30. Ne3 Re5 31. Rdd7 Ne2+ 32. Kh2 Rxf2 33. Rd8+ 1-0

[Event "Live Chess"]
[Site "Chess.com"]
[Date "2024.06.02"]
[Round "-"]
[White "Kyrylo7770"]
[Black "vincents82"]
[Result "1/2-1/2"]
[WhiteElo "1632"]
[BlackElo "2001"]
[TimeControl "300"]
[EndTime "3:33:54 PDT"]
[Termination "Game drawn by repetition"]

1. d4 d5 2. Bg5 f6 3. Bh4 c5 4. e3 Nc6 5. Bd3 e6 6. Qh5+ Kd7 7. Bb5 g6 8. Bxc6+ bxc6 9. Qd1 Bd6 10. c3 Ne7 11. Nf3 Nf5 12. O-O Nxh4 13. Nxh4 g5 14. Nf3 h5 15. dxc5 Bxc5 16. b4 Bd6 17. Nd4 Ba6 18.
Qa4 Qb6 19. Re1 Bb5 20. Qc2 h4 21. Qg6 Rag8 22. Qf7+ Be7 23. Qxe6+ Ke8 24. Qc8+ Kf7 25. Qe6+ Ke8 26. Qc8+ Kf7 27. Qe6+ Ke8 1/2-1/2

[Event "Live Chess"]
[Site "Chess.com"]
[Date "2024.06.02"]
[Round "-"]
[White "BishopofWells"]
[Black "Bodhanas"]
[Result "0-1"]
[WhiteElo "1551"]
[BlackElo "2276"]
[TimeControl "300"]
[EndTime "3:33:55 PDT"]
[Termination "Bodhanas won by resignation"]

1. d4 d5 2. c4 e6 3. Nc3 Nf6 4. Bg5 Be7 5. Nf3 O-O 6. e3 c6 7. c5 Nbd7 8. Bd3 h6 9. Bh4 b6 10. b4 a5 11. a3 axb4 12. axb4 Bb7 13. O-O Rxa1 14. Qxa1 Qa8 15. Qb2 bxc5 16. bxc5 Qb8 17. Rb1 Ba8 18. Qe2 Qd8 19. Bg3 Nh5 20. h3 Nxg3 21.
fxg3 Qc7 22. Kh2 Rb8 23. Rf1 e5 24. dxe5 Nxe5 25. Nxe5 Qxe5 26. Qf3 Bf6 27. Ne2 Rb3 28. Bb1 Rxe3 29. Qf2 Rxe2 0-1

[Event "Live Chess"]
[Site "Chess.com"]
[Date "2024.06.02"]
[Round "-"]
[White "RockTroll"]
[Black "StoreySniper"]
[Result "0-1"]
[WhiteElo "2177"]
[BlackElo "2500"]
[TimeControl "300"]
[EndTime "3:33:56 PDT"]
[Termination "StoreySniper won by resignation"]

1. e4 g6 2. d4 Bg7 3. c4 c5 4.
d5 d6 5. f3 Nf6 6. Nc3 O-O 7.
Nge2 e6 8. Ng3 exd5 9. cxd5 Re8 10. Be2 h5 11. O-O h4 12. Nh1 Nbd7 13. Nf2 Nf8 14. Bg5 h3 15. g3 N8h7 16. Be3 Bd7 17. f4 b5 18. e5 dxe5 19. fxe5 Rxe5 20. Bxc5 b4 21.
Bxb4 Qb6 22. Ba3 Rae8 23. Bc4 Ng4 24. Qf3 Ng5 25. Qf4 Rf5 26. Qd2 Nf3+ 0-1

[Event "Live Chess"]
[Site "Chess.com"]
[Date "2024.06.02"]
[Round "-"]
[White "Pandreq"]
[Black "NottheBishopSacrifice"]
[Result "0-1"]
[WhiteElo "1221"]
[BlackElo "2316"]
[TimeControl "300"]
[EndTime "3:34:11 PDT"]
[Termination "NottheBishopSacrifice won by checkmate"]

1. d4 d5 2. c4 e6 3. Nc3 Bb4 4. a3 Bxc3+ 5. bxc3 dxc4 6. Qa4+ Nd7 7. e4 Nf6 8. e5 Nd5 9. Qxc4 O-O 10. Bd2 c5 11. Nf3 cxd4 12. cxd4 b5 13. Qxb5 Rb8 14. Qe2 Qb6 15.
g3 Qb2 16. Rd1 Qxa3 17. Bg2 Ba6 18. Qe4 Bd3 19. Qh4 h6 20. Bxh6 gxh6 21. Qxh6 Qc3+ 22. Nd2 Nxe5 23. dxe5 Qxe5+ 24. Ne4 Bxe4 25. Bxe4 Qxe4+ 26. Kd2 Rb2+ 27. Kc1 Qc2# 0-1

[Event "Live Chess"]
[Site "Chess.com"]
[Date "2024.06.02"]
[Round "-"]
[White "Bradfield133"]
[Black "WeakOldFinished"]
[Result "0-1"]
[WhiteElo "1859"]
[BlackElo "2183"]
[TimeControl "300"]
[EndTime "3:34:24 PDT"]
[Termination "WeakOldFinished won by checkmate"]

1. c4 e5 2. g3 Nf6 3. Bg2 d5 4.
cxd5 Nxd5 5. Nf3 Nc6 6. O-O Be7 7. d4 e4 8. Ne5 f5 9. Nxc6 bxc6 10. Nc3 O-O 11. f3 exf3 12. Bxf3 Be6 13. Qa4 Qd7 14. Nxd5 Bxd5 15. Bxd5+ Qxd5 16. e3 c5 17. Qb3 c4 18.
Qa4 c5 19. Qd1 Rad8 20. Qe2 cxd4 21. exd4 Bf6 22. Be3 Rfe8 23. Rf3 Rxe3 24. Rxe3 Bxd4 25. Re1 Re8 26. Rd1 Bxe3+ 27. Kf1 Qh1# 0-1

[Event "Live Chess"]
[Site "Chess.com"]
[Date "2024.06.02"]
[Round "-"]
[White "juniortay"]
[Black "silunn"]
[Result "1-0"]
[WhiteElo "2372"]
[BlackElo "2179"]
[TimeControl "300"]
[EndTime "3:34:30 PDT"]
[Termination "juniortay won by resignation"]

1. e4 e6 2. Nf3 d5 3. Nc3 c5 4. exd5 exd5 5. Bb5+ Bd7 6. Qe2+ Be7 7. Nxd5 Nf6 8. Nxf6+ gxf6 9. O-O O-O 10. d4 Bg4 11.
Bh6 Re8 12. Bxe8 Qxe8 13. Rfe1 Nc6 14. d5 Ne5 15. Qe3 Bd6 16. Nxe5 Bxe5 17. c3 Qd7 18. f4 Bd6 19. Qg3 1-0

[Event "Live Chess"]
[Site "Chess.com"]
[Date "2024.06.02"]
[Round "-"]
[White "FlyingChessKestrel13"]
[Black "MaximKovalenko83"]
[Result "0-1"]
[WhiteElo "2069"]
[BlackElo "2180"]
[TimeControl "300"]
[EndTime "3:34:31 PDT"]
[Termination "MaximKovalenko83 won by resignation"]

1. Nf3 d5 2. d4 c5 3. c3 Nc6 4.
Bf4 Nf6 5. e3 Bg4 6. Be2 e6 7. O-O Bd6 8. Bxd6 Qxd6 9. Nbd2 O-O 10. h3 Bh5 11. Ne1 Bg6 12. Bd3 Bxd3 13. Nxd3 c4 14.
Nf4 b5 15. a4 b4 16. f3 a5 17. Ne2 Rab8 18. e4 e5 19. dxe5 Nxe5 20. f4 Nd3 21. e5 Qb6+ 22. Kh2 Ne4 23. Nxe4 dxe4 24. Qc2 b3 25. Qb1 Qe3 26. Ng3 Rbd8 27. f5 Nxe5 28. Qxe4 Qxe4 29. Nxe4 f6 30. Rad1 Nd3 31. Rd2 Rfe8 32.
Nf2 Re5 33. Nxd3 cxd3 34. Rf3 Re2 35. Rdxd3 Rxd3 36. Rxd3 Rxb2 37. c4 Rc2 38. Rxb3 Rxc4 39. Ra3 h5 40. Kg3 h4+ 41. Kf3 Kh7 42. g4 hxg3 43.
Kxg3 Kh6 44. h4 Kh5 45. Kf3 Kxh4 46. Ke3 Kg5 47. Kd3 Rb4 48. Kc3 Kxf5 49. Ra2 g5 50. Rf2+ Kg6 51. Ra2 g4 52. Kd3 f5 53. Ke3 Kg5 54.
Kf2 f4 55. Ra3 Kh4 56. Kg2 Rb2+ 57. Kf1 f3 0-1